 Dungeon Crawl Stone Soup version 0.32-a0-868-g153ae1a8d6 (webtiles) character file.

Game seed: 12334771812747680341

43 zenocrate the Digger (level 3, -1/23 HPs)
             Began as an Octopode Earth Elementalist on Mar 28, 2024.
             Slain by a goblin
             ... wielding a +0 club
             ... led by Robin
              (5 damage)
             ... on level 2 of the Dungeon.
             The game lasted 00:01:28 (1029 turns).

zenocrate the Digger (Octopode Earth Elementalist)  Turns: 1029, Time: 00:01:28

Health: -1/23      AC:  1    Str:  9    XL:     3   Next: 58%
Magic:  6/6        EV: 12    Int: 17    God:
Gold:   59         SH:  0    Dex: 12    Spells: 5/6 levels left

rFire   . .          .
                       - Unarmed
rCold   . . .        (no shield)
rNeg    . . .        (helmet restricted)
rPois   .            g - amulet of magic regeneration
rElec   .            (no ring)
rCorr   .            (no ring)
SInv    .            (no ring)
Will    .....        (no ring)
Stlth   +++          (no ring)
HPRegen 0.23/turn    (no ring)
MPRegen 0.50/turn    (no ring)
                     (no ring)

%: no passive effects
@: about to teleport, very slightly contaminated
A: almost no armour, amphibious, 8 rings, camouflage 1, gelatinous body 1,
(nimble swimmer 1), tentacles
a: no special abilities


You were on level 2 of the Dungeon.
You visited 1 branch of the dungeon, and saw 2 of its levels.

You collected 59 gold pieces.

Inventory:

Missiles
 f - 2 throwing nets
Magical Staves
 b - a staff of cold
Jewellery
 g - an amulet of magic regeneration (around mantle)
Scrolls
 c - a scroll of poison {unknown}
 d - a scroll of teleportation
 e - a scroll of revelation {unknown}
 i - a scroll of brand weapon {unknown}
Potions
 a - 2 potions of magic
 h - a potion of ambrosia {unknown}
 j - a potion of degeneration {unknown}


   Skills:
 + Level 1.2 Fighting
 - Level 2.0 Dodging
 - Level 2.6 Stealth
 + Level 2.6 Unarmed Combat
 - Level 2.0 Spellcasting
 - Level 1.0 Conjurations
 - Level 3.0 Earth Magic


You had 5 spell levels left.
You knew the following spells:

 Your Spells              Type           Power      Damage    Failure   Level
a - Sandblast             Erth           22%        2d7       5%          1

Your spell library contained the following spells:

 Spells                   Type           Power      Damage    Failure   Level
 Passwall                 Erth           11%        N/A       17%         3
 Stone Arrow              Conj/Erth      16%        3d8       26%         3
 Brom's Barrelling Bould  Conj/Erth      8%         2d3       63%         4
 Petrify                  Alch/Erth      6%         N/A       71%         4


Dungeon Overview and Level Annotations

Branches:
Dungeon (2/15)

Altars:

Annotations:
D:2 Robin


Innate Abilities, Weirdness & Mutations

You cannot wear most types of armour.
You are amphibious.
You can wear up to eight rings at the same time.
Your skin changes colour to match your surroundings (Stealth+).
Your rubbery body absorbs attacks. (AC +1, EV +1)
((You are camouflaged when in or above water. (Stealth+)))
You have tentacles for arms and can constrict up to eight enemies at once.


Message History

Robin roars a battlecry!
The goblins go into a battle-frenzy!
You hear a shout! x2
You tentacle-slap the goblin.
You kill the goblin!
A goblin comes into view. It is wielding a +0 dagger.
Robin roars a battlecry!
Unknown command.
You tentacle-slap the hobgoblin. Your grab misses the hobgoblin.
The hobgoblin is lightly wounded.
The hobgoblin closely misses you.
A goblin comes into view. It is wielding a +0 dagger.
Unknown command.
You tentacle-slap the hobgoblin but do no damage.
You grab the hobgoblin.
The hobgoblin is lightly wounded.
You constrict the hobgoblin. The hobgoblin barely misses you.
Robin throws the goblin at you!
Unknown command.
You release your grip on the hobgoblin.
The goblin closely misses you.
Robin roars a battlecry!
The goblin goes into a battle-frenzy!
You see here a +0 club.
Unknown command.
Unknown command.
Casting: Sandblast (safe; 5% risk of failure)
Confirm with . or Enter, or press ? or * to list all spells.
Aiming: Sandblast (safe; 5% risk of failure)
Press: ? - help, Shift-Dir - straight line, f - goblin
Aim: a goblin, wielding a +0 club (strong, 77% to hit)
You miscast Sandblast.
You are very lightly contaminated with residual magic.
Nothing appears to happen.
The goblin hits you with a +0 club.
* * * LOW HITPOINT WARNING * * *
Unknown command.
Okay, then.
As you read the scroll labelled MEELOKHLOAN, it crumbles to dust.
You feel strangely unstable.
It was a scroll of teleportation.
The goblin attacks as it pursues you! The goblin hits you with a +0 club.
You die...

........).##..........
####........##..........
............)...........
..............##.........
... #........##.........
....##.......###.........
#..>..#...## ##.#######
####..##### #..######
##.@.# .........
#.g.#####.#.......
##..gg.g.g........
####g##..#g..."..
###g#..##†......
#####...J.#.gg.g....
#......>...g#...?...
#......##.#####...g.
#.....###.#


g.gK You could see Robin, an endoplasm, a hobgoblin (strong) and 3 goblins.

Vanquished Creatures
  An adder (D:2)
  2 dart slugs (D:1)
  2 endoplasms
  7 goblins
  2 hobgoblins
  6 kobolds (D:1)
  2 quokkas (D:1)
  2 ball pythons
  4 bats
28 creatures vanquished.

Notes
Turn   | Place    | Note
-------+----------+-------------------------------------------
     0 | D:1      | zenocrate the Octopode Earth Elementalist began the quest
                  | for the Orb.
     0 | D:1      | Reached XP level 1. HP: 11/11 MP: 3/3
    47 | D:1      | Reached skill level 1 in Unarmed Combat
   130 | D:1      | Reached XP level 2. HP: 9/17 MP: 5/5
   925 | D:2      | Reached XP level 3. HP: 22/22 MP: 6/6
   973 | D:2      | Reached skill level 1 in Fighting
  1007 | D:2      | Noticed Robin
  1029 | D:2      | Slain by a goblin

Illustrated notes

Levels and vault maps discovered:
D:1:      dpeg_arrival_oval, layout_basic
D:2:      layout_rooms, serial_rivers, chequers_serial_rivers_micro_a,
          chequers_serial_rivers_micro_e, chequers_serial_rivers_small_a,
          chequers_serial_rivers_micro_d, chequers_serial_rivers_room_a,
          chequers_serial_rivers_micro_e, uniq_crazy_yiuf_cottage, uniq_robin

Skill      XL: |  1  2  3 |
---------------+----------+-----
Unarmed Combat | 1 2 |  2.6
Fighting       | 1 |  1.2
Dodging        | |  2.0
Stealth        | |  2.6
Spellcasting   | |  2.0
Conjurations   | |  1.0
Earth Magic    | |  3.0

Action                     || total
---------------------------++-------
  Melee: Unarmed           ||    49
         Tentacles         ||    16
         Constrict         ||    11
         Punch             ||     2
   Cast: Sandblast         ||     6
    Use: Scroll            ||     1
   Stab: Sleeping          ||     6
 Armour: Skin              ||    29
  Dodge: Dodged            ||    32

Table legend: (Time is in decaauts)
 A = Elapsed time spent in this place.
 B = Non-inter-level travel time spent in this place.
 C = Inter-level travel time spent in this place.
 D = Time resting spent in this place.
 E = Time spent auto-exploring this place.
 F = Levels seen in this place.
 G = Mean time per level.
                   A        B        C        D        E       F      G
               +--------+--------+--------+--------+--------+-----+--------+
         Total |   1030 |   1003 |     27 |      0 |    805 |   2 |  515.0 |
       Dungeon |   1030 |   1003 |     27 |      0 |    805 |   2 |  515.0 |
               +--------+--------+--------+--------+--------+-----+--------+

Top non-repeatable levels by time:
     D:1: 915 daAuts
     D:2: 115 daAuts
